 Dungeon Crawl Stone Soup version 0.29-a0-878-g7b45a56547 (webtiles) character file.

Game seed: 10092441578668863297

250 zeratav the Basher (level 5, -2/67 HPs)
             Began as a Minotaur Berserker on July 20, 2022.
             Was a Believer of Trog.
             Succumbed to a water moccasin's poison
             ... on level 4 of the Dungeon.
             The game lasted 00:03:31 (3168 turns).

zeratav the Basher (Minotaur Berserker)             Turns: 3168, Time: 00:03:32

Health: -2/67      AC: -1    Str: 23    XL:     5   Next: 88%
Magic:  4/4        EV: 12    Int:  4    God:    Trog [**....]
Gold:   181        SH:  0    Dex: 10    Spells: 4/4 levels left

rFire   . . .      SeeInvis .   j - +4 whip {mace}
rCold   . . .      Faith    .   (no shield)
rNeg    . . .      Spirit   .   b - +0 animal skin
rPois   .          Reflect  .   (helmet restricted)
rElec   .          Harm     .   (no cloak)
rCorr   .          Rampage  .   (no gloves)
Will    +++..                   (no boots)
Stlth   ..........              (no amulet)
HPRegen 1.21/turn               v - ring of willpower
MPRegen 0.09/turn               (no ring)

@: berserking, lethally poisoned (-2 -> -13), strong-willed, corroded,
regenerating, very quick
A: horns 2, retaliatory headbutt
a: Renounce Religion, Berserk, Trog's Hand


You were on level 4 of the Dungeon.
You worshipped Trog.
Trog was pleased with you.
You visited 1 branch of the dungeon, and saw 4 of its levels.

You collected 181 gold pieces.


Innate Abilities, Weirdness & Mutations

You have a pair of horns on your head.
You reflexively headbutt those who attack you in melee.


   Skills:
 - Level 3.6 Fighting
 + Level 8.0 Maces & Flails
 - Level 2.4 Armour
 - Level 2.1 Dodging


You had 4 spell levels left.
You didn't know any spells.
Your spell library was empty.

Inventory:

Hand Weapons
 a - a +0 mace {mace}
 f - a +0 eveningstar {macerare=g}
   (You found it on level 1 of the Dungeon)
 j - a +4 whip (weapon) {mace}
   (You found it on level 2 of the Dungeon)
Armour
 b - a +0 animal skin (worn)
Jewellery
 v - a ring of willpower (left hand)
   (You found it on level 3 of the Dungeon)
Scrolls
 c - 2 scrolls of poison {unknown}
 e - a scroll of summoning {unknown}
 g - 5 scrolls of identify {unknown}
 l - a scroll of fear {unknown}
 m - a scroll of brand weapon {unknown}
 n - a scroll of silence {unknown}
 o - a scroll of magic mapping {unknown}
 p - 2 scrolls of teleportation {unknown}
 r - a scroll of immolation {unknown}
 t - a scroll of torment {unknown}
 u - a scroll of acquirement {unknown}
Potions
 d - a potion of might {unknown}
 h - a potion of lignification {unknown}
 i - 2 potions of curing {unknown}
 k - a potion of magic {unknown}
 q - a potion of mutation {unknown}
 s - a potion of brilliance

Dungeon Overview and Level Annotations

Branches:
Dungeon (4/15) Zot: 20829
 Temple: D:4-7

Altars:

#.#.# #.#.# #
#####.#.# ..
........# #. #.<#
..#####..# ...##..#
####.##.##..######.
........@..........
###.#..S...########
......##### ###.#..
#(# #.. ## #.. .
.?. .#..


You could see a water moccasin.


Message History

Found a stone staircase leading up.
Found an escape hatch in the ceiling.
No target in view!
There is a stone staircase leading up here.
There is an escape hatch in the ceiling here.
A hobgoblin comes into view.
A hobgoblin is nearby!
The hobgoblin shouts!
You hit the hobgoblin. The hobgoblin barely misses you.
You furiously retaliate!
You headbutt the hobgoblin!
You kill the hobgoblin!
Trog accepts your kill.
No target in view!
No target in view!
No target in view!
No target in view!
No target in view!
No target in view!
No target in view!
No target in view!
No target in view!
No target in view!
No target in view!
No target in view!
No target in view!
No target in view!
No target in view!
No target in view!
No target in view!
v - a ring of willpower
v - a ring of willpower (left hand)
Found a stone staircase leading down.
w - a +1 dagger of holy wrath {short} You drop a +1 dagger of holy wrath {short}.
There is a stone staircase leading down here.
Done exploring.
Done exploring.
(D) Dungeon
Where to? (Enter - D:3, ? - help)
There is a stone staircase leading down here.
You climb downwards.
There is a stone staircase leading up here.
You now have 181 gold pieces (gained 7).
A jelly comes into view.
The jelly quivers.
A water moccasin comes into view.
The jelly hits you. The acid corrodes you!
You are splashed with acid.
HP[-8]
You take 8 damage, and now have 37/45 hp.
You whack the jelly!
Your hands burn!
The jelly hits you. The acid corrodes you!
You are splashed with acid.
HP[-9]
You take 9 damage, and now have 28/45 hp.
You hit the jelly.
Your hands burn!
The jelly misses you. You furiously retaliate!
You headbutt the jelly, but do no damage.
HP[-5]
You take 5 damage, and now have 23/45 hp.
You hit the jelly.
Your hands burn!
* * * LOW HITPOINT WARNING * * *
HP[-2]
You take 2 damage, and now have 21/45 hp.
You hit the jelly.
You kill the jelly!
Trog accepts your kill.
Your Maces & Flails skill increases to level 8!
HP[+1]
You miss the water moccasin. The water moccasin barely misses you.
You closely miss the water moccasin. The water moccasin bites you!
* * * LOW HITPOINT WARNING * * *
You are lethally poisoned!
The water moccasin poisons you!
HP[-10]
You take 10 damage, and now have 12/45 hp.
MASSIVE DAMAGE!! (PAUSE)
Your skin crawls.
You feel strong-willed.
You feel very sick.
The water moccasin completely misses you.
HP[-3]
You take 3 damage, and now have 9/45 hp.
A red film seems to cover your vision as you go berserk!
You feel yourself moving faster!
You feel mighty!
You feel very sick. The water moccasin closely misses you.
The water moccasin bites you!
* * * LOW HITPOINT WARNING * * *
You are more poisoned.
The water moccasin poisons you!
HP[-6]
You now have 67 max hp (+22).
You are too berserk!
You barely miss the water moccasin.
* * * LOW HITPOINT WARNING * * *
You feel very sick.
HP[-2]
You take 2 damage, and now have 1/67 hp.
Unknown command.
Unknown command.
You closely miss the water moccasin.
You die...

Skill      XL: |  1  2  3  4  5 |
---------------+----------------+-----
Maces & Flails | 4 5 7 8 |  8.0
Fighting       | |  3.6
Armour         | |  2.4
Dodging        | |  2.1

Action                   |  1- 3 |  4- 6 || total
-------------------------+-------+-------++-------
Melee: Mace              |    83 |       ||    83
       Headbutt          |    14 |     7 ||    21
       Whip              |    23 |    52 ||    75
       Punch             |     1 |       ||     1
Invok: Berserk           |       |     2 ||     2
       Trog's Hand       |       |     1 ||     1
Armor: Animal skin       |    25 |     6 ||    31
Dodge: Dodged            |    83 |    26 ||   109

Levels and vault maps discovered:
D:1:      dpeg_arrival_round_b, layout_loops_ring, basic_ecumenical_altar,
          st_stairs_7, minmay_box_of_dots
D:2:      layout_rooms, uniq_natasha
D:3:      layout_loops_ring
D:4:      layout_loops_ring, kb_xom_exploding_sheep, serial_shops,
          nicolae_shop_crystal, ebering_ghost_disaster_area,
          ebering_dispersal_statue_hall, minmay_surrounded

Notes
Turn   | Place    | Note
-------+----------+-------------------------------------------
     0 | D:1      | zeratav the Minotaur Berserker began the quest for the Orb.
     0 | D:1      | Reached XP level 1. HP: 19/19 MP: 0/0
     0 | D:1      | magus.rc [v1.9.6]
    93 | D:1      | Reached skill level 4 in Maces & Flails
   326 | D:1      | Reached XP level 2. HP: 26/26 MP: 1/1
   673 | D:1      | f - a +0 eveningstar {macerare=g}
   680 | D:1      | Reached skill level 5 in Maces & Flails
   713 | D:1      | Reached XP level 3. HP: 22/31 MP: 2/2
   736 | D:1      | Reached ** piety under Trog
   794 | D:1      | HP: 7/31 [goblin/+0 dagger (4)]
  1398 | D:1      | Found a faded altar of an unknown god.
  1801 | D:2      | Noticed Natasha
  1813 | D:2      | Reached XP level 4. HP: 30/39 MP: 3/3
  1815 | D:2      | Reached skill level 6 in Maces & Flails
  1818 | D:2      | Killed Natasha
  1904 | D:2      | Noticed Natasha
  1914 | D:2      | Killed Natasha
  2070 | D:2      | You fall into a shaft and drop 2 floors!
  2296 | D:3      | Reached skill level 7 in Maces & Flails
  2296 | D:3      | Reached XP level 5. HP: 34/45 MP: 4/4
  2535 | D:2      | Noticed Natasha
  2539 | D:2      | Killed Natasha
  2539 | D:2      | Reached *** piety under Trog
  3156 | D:4      | Noticed a water moccasin
  3162 | D:4      | Reached skill level 8 in Maces & Flails
  3165 | D:4      | HP: 9/45 [poisoned by a water moccasin]
  3166 | D:4      | HP: 3/67 [water moccasin (9)]
  3167 | D:4      | HP: 1/67 [poisoned by a water moccasin]
  3168 | D:4      | Succumbed to a water moccasin's poison

Vanquished Creatures
  A jelly (D:4)
  Natasha (thrice) (D:2)
  5 adders
  4 gnolls (D:3)
  2 dart slugs
  An orc (D:3)
  3 ball pythons
  4 endoplasms
  3 giant cockroaches
  4 goblins
  4 hobgoblins
  11 jackals (D:1)
  2 kobolds
  3 quokkas (D:1)
  8 bats
  A frilled lizard (D:2)
  5 rats
64 creatures vanquished.

Table legend:
 A = Non-vault XP
 B = Vault XP
 C = Vault XP percentage of total XP
 D = Non-vault monster count
 E = Vault monster count
 F = Vault count percentage of total count
                 A         B        C        D         E       F
            +---------+---------+-------+---------+---------+-------
      Total |     278 |      80 |  22.3 |      59 |       5 |   7.8
            +---------+---------+-------+---------+---------+-------
        D:1 |      53 |       4 |   7.0 |      27 |       3 |  10.0
        D:2 |     141 |      33 |  19.0 |      18 |       1 |   5.3
        D:3 |      82 |       0 |   0.0 |      13 |       0 |   0.0
        D:4 |       2 |      43 |  95.6 |       1 |       1 |  50.0
            +---------+---------+-------+---------+---------+-------

Illustrated notes

Table legend:
 A = Kills in this place as a percentage of kills in entire the game.
 B = Kills by you in this place as a percentage of kills by you in the entire game.
 C = Kills by friends in this place as a percentage of kills by friends in the entire game.
 D = Other kills in this place as a percentage of other kills in the entire game.
 E = Experience gained in this place as a percentage of experience gained in the entire game.
 F = Experience gained in this place divided by the number of levels of this place that you have seen.
                   A       B       C       D       E      F
               +-------+-------+-------+-------+-------+----------------------
         Total | 100.0 | 100.0 |   N/A |   N/A | 100.0 |  89.5
       Dungeon | 100.0 | 100.0 |   N/A |   N/A | 100.0 |  89.5
               +-------+-------+-------+-------+-------+----------------------

Table legend: (Time is in decaauts)
 A = Elapsed time spent in this place.
 B = Non-inter-level travel time spent in this place.
 C = Inter-level travel time spent in this place.
 D = Time resting spent in this place.
 E = Time spent auto-exploring this place.
 F = Levels seen in this place.
 G = Mean time per level.
                   A        B        C        D        E       F      G
               +--------+--------+--------+--------+--------+-----+--------+
         Total |   3171 |   3062 |    109 |    439 |   2254 |   4 |  792.8 |
       Dungeon |   3171 |   3062 |    109 |    439 |   2254 |   4 |  792.8 |
               +--------+--------+--------+--------+--------+-----+--------+

Top non-repeatable levels by time:
     D:1: 1529 daAuts
     D:2: 816 daAuts
     D:3: 783 daAuts
     D:4: 42 daAuts
